 Dungeon Crawl Stone Soup version 0.26.1-11-gd32895ea62 (webtiles) character file.

Game seed: 4708344471361071982

11592 Jerry the Carver (level 11, 0/97 HPs)
             Began as a Demigod Fighter on June 9, 2021.
             Slain by a black mamba (12 damage)
             ... on level 1 of the Lair of Beasts.
             The game lasted 00:28:17 (10218 turns).

Jerry the Carver (Demigod Fighter)                 Turns: 10218, Time: 00:28:18

Health: 0/97       AC: 15    Str: 27    XL:     11   Next: 27%
Magic:  14/14      EV: 10    Int: 12    God:
Gold:   737        SH:  0    Dex: 21    Spells: 10/10 levels left

rFire    . . .     SeeInvis .   y - +8 falchion of Reason {pain, *Noise rN+ Dex+2}
rCold    . . .     Faith    .   (no shield)
rNeg     + . .     Spirit   .   b - +0 scale mail
rPois    +         Reflect  .   D - +0 helmet
rElec    .         Harm     .   E - +0 cloak {rPois}
rCorr    .         Rampage  .   J - +0 pair of gloves
Will     +....                  A - +1 pair of boots
Stlth    ..........             h - amulet of regeneration
HPRegen  0.66/turn              n - +6 ring of strength
MPRegen  0.14/turn              (no ring)

@: mighty, lethally poisoned (0 -> -2)
A: high mp 1
a: no special abilities


You were on level 1 of the Lair of Beasts.
You visited 2 branches of the dungeon, and saw 11 of its levels.

You collected 737 gold pieces.

Inventory:

Hand Weapons
 y - the +8 falchion of Reason (weapon) {pain, *Noise rN+ Dex+2}
   (You found it on level 5 of the Dungeon)

   In the hands of one skilled in necromantic magic, it inflicts extra damage on
   living creatures.
   It affects your dexterity (+2).
   It protects you from negative energy.
   It may make noises in combat.
 I - a +0 scimitar of flaming
Armour
 b - a +0 scale mail (worn)
 c - a +0 kite shield
 A - a +1 pair of boots (worn)
 D - a +0 helmet (worn)
 E - a +0 cloak of poison resistance (worn)
 J - a +0 pair of gloves (worn)
Jewellery
 h - an amulet of regeneration (around neck)
 n - a +6 ring of strength (left hand)
 o - an uncursed amulet of magic regeneration
 t - an uncursed amulet of the acrobat {unknown}
 B - an uncursed amulet of reflection
 G - an uncursed amulet of faith {unknown}
Wands
 f - a wand of flame (39)
 s - a wand of polymorph (18)
 u - a wand of acid (11)
 x - a wand of iceblast (3)
 C - a wand of disintegration (13)
Scrolls
 a - a scroll of torment {unknown}
 e - a scroll of identify
 i - a scroll of magic mapping
 l - 4 scrolls of teleportation
 r - 2 scrolls of fear
 F - 2 scrolls of remove curse
 H - a scroll of enchant armour
 L - a scroll of fog {unknown}
Potions
 d - a potion of might
 g - 3 potions of flight
 j - a potion of magic
 k - 2 potions of resistance
 m - 2 potions of cancellation
 p - a potion of berserk rage {unknown}
 v - 3 potions of attraction
 w - a potion of brilliance
 z - 4 potions of ambrosia
Miscellaneous
 K - a phantom mirror


   Skills:
 + Level 9.0 Fighting
 * Level 11.9 Long Blades
 + Level 9.0 Armour
 - Level 2.6 Shields


You had 10 spell levels left.
You didn't know any spells.
Your spell library contained the following spells:

 Spells                   Type           Power        Failure   Level
 Magic Dart               Conj           0%           54%         1
 Searing Ray              Conj           0%           69%         2
 Dazzling Flash           Conj/Hex       0%           89%         3
 Fulminant Prism          Conj/Hex       0%           100%        4
 Iskenderun's Mystic Bla  Conj/Tloc      0%           100%        4


Dungeon Overview and Level Annotations

Branches:
Dungeon (10/15)            Temple (0/1) D:5            Lair (1/6) D:8
    Orc: D:9-12

Shops:
D:8 (!=


Innate Abilities, Weirdness & Mutations

You have an increased reservoir of magic. (+10% MP)


Message History

You closely miss the black mamba.
You hear a high-pitched scream!
The black mamba is heavily wounded.
The black mamba completely misses you.
You riposte.
You closely miss the black mamba.
The black mamba is moderately wounded.
You hit the black mamba but do no damage.
The black mamba is moderately wounded.
The black mamba bites you!
* * * LOW HITPOINT WARNING * * *
You are lethally poisoned!
The black mamba poisons you!
The black mamba bites you but does no damage.
You feel much better.
You feel sick. The black mamba bites you!
* * * LOW HITPOINT WARNING * * *
You feel very mighty all of a sudden.
You feel sick. The black mamba bites you.
* * * LOW HITPOINT WARNING * * *
The black mamba bites you!
You die...

#........#.####
##......#### #
#......## #.
#.###...# #..
##.#.....# ##..#
#........#
#....###.....#.#
##....#...S.####
#..##.....@^..###
....#...........##
..................
#....#....#####PP#
#####...##....#
### #
#...#.###..†..##
..#..(#.###......#
>...........#...##
..##P......P#.###


You could see a black mamba.

Vanquished Creatures
  Erica (D:9)
  A two-headed ogre (D:10)
  Maurice (D:8)
  A gargoyle (D:10)
  A queen bee (D:10)
  A troll (D:10)
  2 hornets
  3 blink frogs (Lair:1)
  Grinder (D:6)
  3 wyverns (D:8)
  Sigmund (D:3)
  2 basilisks
  3 yaks (Lair:1)
  Grum (D:9)
  Edmund (D:4)
  Menkaure (D:5)
  3 water moccasins
  An ice beast (D:8)
  A sky beast (D:9)
  2 orc warriors
  3 black bears
  2 phantoms
  5 ogres
  5 wolves
  4 centaurs
  A big kobold (D:4)
  2 bullfrogs
  Blork the orc (D:6)
  2 gnoll sergeants
  6 scorpions
  A wyvern skeleton (D:9)
  A water moccasin skeleton (D:7)
  44 killer bees
  8 wights
  2 howler monkeys
  A centaur zombie (D:9)
  A bullfrog zombie (D:6)
  An orc priest (D:10)
  2 jellies
  3 hounds
  Terence (D:2)
  3 orc wizards
  8 iguanas
  12 worker ants
  A hound skeleton (D:9)
  A hound zombie (D:9)
  7 gnolls
  10 adders
  3 white imps (D:6)
  2 ufetubi
  An ooze (D:1)
  An adder skeleton (D:8)
  An adder zombie (D:6)
  A worm (D:2)
  4 dart slugs
  6 leopard geckos
  33 orcs
  2 ball pythons
  7 giant cockroaches
  8 hobgoblins
  4 jackals
  6 quokkas
  11 bats
  5 frilled lizards
  4 goblins
  A jackal skeleton (D:5)
  4 kobolds
  A quokka skeleton (D:4)
  7 rats
281 creatures vanquished.

Vanquished Creatures (others)
  A bullfrog skeleton (D:8)
  A leopard gecko (D:9)
  An orc (D:8)
  10 fungi
  18 plants
31 creatures vanquished.

Grand Total: 312 creatures vanquished

Notes
Turn   | Place    | Note
-------+----------+-------------------------------------------
     0 | D:1      | Jerry the Demigod Fighter began the quest for the Orb.
     0 | D:1      | Reached XP level 1. HP: 18/18 MP: 3/3
    94 | D:1      | Reached skill level 2 in Long Blades
   107 | D:1      | Reached XP level 2. HP: 20/25 MP: 4/4
   296 | D:1      | Reached XP level 3. HP: 30/31 MP: 5/5
  1038 | D:2      | Noticed Terence
  1045 | D:2      | Reached skill level 3 in Long Blades
  1045 | D:2      | Killed Terence
  1046 | D:2      | Reached XP level 4. HP: 34/38 MP: 6/6
  1945 | D:3      | Found a shadowy altar of Dithmenos.
  1947 | D:3      | Noticed Sigmund
  1956 | D:3      | Killed Sigmund
  1957 | D:3      | Reached skill level 4 in Long Blades
  1957 | D:3      | Reached XP level 5. HP: 31/46 MP: 7/7
  2195 | D:3      | Found a sparkling altar of Nemelex Xobeh.
  2249 | D:3      | Found a snail-covered altar of Cheibriados.
  2308 | D:3      | Found a shimmering blue altar of Sif Muna.
  2622 | D:4      | Noticed Edmund
  2637 | D:4      | Killed Edmund
  2638 | D:4      | Reached XP level 6. HP: 36/52 MP: 8/8
  2856 | D:4      | Reached skill level 5 in Long Blades
  3500 | D:4      | Reached XP level 7. HP: 52/60 MP: 9/9
  3736 | D:5      | Entered Level 5 of the Dungeon
  3736 | D:5      | Noticed Menkaure
  3838 | D:5      | Killed Menkaure
  4101 | D:5      | Reached skill level 6 in Long Blades
  4160 | D:5      | Found a staircase to the Ecumenical Temple.
  4364 | D:5      | Reached skill level 5 in Armour
  4387 | D:5      | Found a broken altar of Ashenzari.
  4483 | D:5      | Got a smouldering falchion
  4484 | D:5      | Identified the +8 falchion of Reason {pain, *Noise rN+
                  | Dex+2} (You found it on level 5 of the Dungeon)
  4680 | D:6      | Reached skill level 5 in Fighting
  4688 | D:6      | Noticed Grinder
  4694 | D:6      | Paralysed by Grinder for 3 turns
  4714 | D:6      | Killed Grinder
  4715 | D:6      | Reached XP level 8. HP: 54/68 MP: 10/10
  4824 | D:6      | Noticed Blork the orc
  4830 | D:6      | Killed Blork the orc
  4831 | D:6      | Reached skill level 7 in Long Blades
  5144 | D:6      | Found an opulent altar of Gozag.
  5489 | D:7      | Noticed a hornet
  5496 | D:7      | Killed a hornet
  5504 | D:7      | Reached skill level 8 in Long Blades
  5731 | D:7      | Reached XP level 9. HP: 45/75 MP: 11/11
  6088 | D:7      | Found a blossoming altar of Fedhas.
  6269 | D:8      | Found a shimmering blue altar of Sif Muna.
  6386 | D:8      | Found a radiant altar of Vehumet.
  6441 | D:8      | Reached skill level 9 in Long Blades
  6548 | D:8      | Found Bako's Jewellery Boutique.
  6571 | D:8      | Noticed Maurice
  6690 | D:8      | Found Pynela's Distillery.
  6730 | D:8      | Found Qathriytu's Antique Weapon Shop.
  6767 | D:8      | HP: 3/79 [killer bee (5)]
  6999 | D:8      | Found a sacrificial altar of Ru.
  7308 | D:7      | Reached XP level 10. HP: 69/86 MP: 13/13
  7364 | D:7      | Reached skill level 10 in Long Blades
  7517 | D:8      | Found a staircase to the Lair.
  7752 | D:8      | Killed Maurice
  7939 | D:9      | Noticed Erica
  7973 | D:9      | Killed Erica
  8263 | D:9      | Noticed Grum
  8284 | D:9      | Killed Grum
  8420 | D:9      | Reached skill level 11 in Long Blades
  8521 | D:9      | Found a white marble altar of Elyvilon.
  8524 | D:9      | Found a glowing golden altar of the Shining One.
  8525 | D:9      | Found a glowing silver altar of Zin.
  8634 | D:10     | Entered Level 10 of the Dungeon
  9034 | D:10     | Found a shadowy altar of Dithmenos.
  9331 | D:10     | Reached XP level 11. HP: 76/95 MP: 14/14
  9539 | D:10     | Noticed a two-headed ogre
  9546 | D:10     | Killed a two-headed ogre
  9927 | Lair:1   | Entered Level 1 of the Lair of Beasts
 10216 | Lair:1   | HP: 1/97 [black mamba (13)]
 10218 | Lair:1   | Slain by a black mamba

Illustrated notes

Levels and vault maps discovered:
D:1:      dpeg_arrival_lava_temple_mockup, layout_basic
D:2:      minmay_diamond_boxcup, layout_basic, uniq_terence
D:3:      layout_basic, lemuel_doored_altar, lemuel_round_altar,
          grunt_dithmenos_smoke_and_mirrors, nicolae_overflow_crystal_walls,
          nicolae_underground_beach, uniq_sigmund
D:4:      layout_loops_corners, chequers_serial_rivers_room_a, uniq_edmund
D:5:      layout_rooms, old_standard_altar, minmay_temple_entry_mist,
          serial_curves, eino_curves_04, eino_curves_02, uniq_menkaure
D:6:      layout_rooms, kennysheep_little_box, uniq_grinder, uniq_blork_the_orc
D:7:      layout_loops_ring, fedhas_altar_2
D:8:      layout_basic, general_overflow_altar, fiery_altar_vehumet,
          minmay_lair_entry_grove, basic_altar, serial_shops, shop_statue,
          nicolae_shop_crystal, shop, uniq_maurice
D:9:      layout_rooms, good_gods_temple_1, uniq_grum, uniq_erica
D:10:     layout_roguey [special_room_bee], basic_altar
Lair:1:   beast_lair_carwin_large_1, layout_misc_corridors

Skill      XL: |  1  2  3  4  5  6  7  8  9 10 11 |
---------------+----------------------------------+-----
Long Blades    | 2 3 4 5 6 8 9 11 | 11.9
Fighting       | 3 4 5 6 7 8 9 |  9.0
Armour         | 3 4 5 6 7 8 9 |  9.0
Shields        | |  2.6

Action                   |  1- 3 |  4- 6 |  7- 9 | 10-12 || total
-------------------------+-------+-------+-------+-------++-------
Melee: Long sword        |   104 |   131 |    94 |       ||   329
       Falchion          |       |       |   302 |   385 ||   687
Evoke: Wand              |       |       |     2 |       ||     2
  Use: Scroll            |       |     6 |     9 |     2 ||    17
       Potion            |       |       |     6 |     3 ||     9
Armor: Scale mail        |    67 |    57 |   172 |   169 ||   465
Dodge: Dodged            |    72 |    69 |   219 |   168 ||   528
       Rpst.: Long sword |    26 |    29 |    19 |       ||    74
       Falchion          |       |       |    53 |    48 ||   101
